 Dungeon Crawl Stone Soup version 0.28.0-43-g3370ac3207 (webtiles) character file.

Game seed: 10077340028284432864

25 tizbic2 the Conjurer (level 2, 0/20 HPs)
             Began as a Demigod Conjurer on Mar 4, 2022.
             Succumbed to their own dark miasma
             ... on level 1 of the Dungeon.
             The game lasted 00:04:26 (894 turns).

tizbic2 the Conjurer (Demigod Conjurer)              Turns: 894, Time: 00:04:26

Health: 0/20       AC:  4    Str:  8    XL:     2   Next: 63%
Magic:  3/7        EV: 12    Int: 20    God:
Gold:   16         SH:  0    Dex: 12    Spells: 2/5 levels left

rFire   . . .      SeeInvis .   c - +0 short sword (venom)
rCold   . . .      Faith    .   (no shield)
rNeg    . . .      Spirit   .   a - +2 robe
rPois   .          Reflect  .   (no helmet)
rElec   .          Harm     .   (no cloak)
rCorr   .          Rampage  .   (no gloves)
Will    .....                   (no boots)
Stlth   ++........              (no amulet)
HPRegen 0.06/turn               (no ring)
MPRegen 0.10/turn               (no ring)

@: lethally poisoned (0 -> -9)
A: high MP 1, forlorn, divine attributes
a: no special abilities


You were on level 1 of the Dungeon.
You visited 1 branch of the dungeon, and saw 1 of its levels.

You collected 16 gold pieces.

Inventory:

Hand Weapons
 c - a +0 short sword of venom (weapon)
Missiles
 b - a throwing net
Armour
 a - a +2 robe (worn)
Scrolls
 e - a scroll of fog {unknown}
 g - a scroll of immolation
 h - a scroll of identify {unknown}
Potions
 d - a potion of mutation {unknown}
 f - a potion of flight {unknown}


   Skills:
 - Level 1.8 Dodging
 - Level 1.8 Stealth
 + Level 2.1 Spellcasting
 * Level 4.2 Conjurations


You had 2 spell levels left.
You knew the following spells:

 Your Spells              Type           Power      Damage    Failure   Level
a - Magic Dart            Conj           72%        1d6       2%          1
b - Corpse Rot            Necr/Air       4%         N/A       24%         2

Your spell library contained the following spells:

 Spells                   Type           Power      Damage    Failure   Level
 Searing Ray              Conj           36%        2d5       4%          2
 Dazzling Flash           Conj/Hex       20%        N/A       21%         3
 Fulminant Prism          Conj/Hex       5%         3d7       54%         4
 Iskenderun's Mystic Bla  Conj/Tloc      10%        2d4       54%         4
 Dispel Undead            Necr           2%         3d7       83%         4
 Death Channel            Necr           1%         N/A       100%        6


Dungeon Overview and Level Annotations

Branches:
Dungeon (1/15)


Innate Abilities, Weirdness & Mutations

You have an increased reservoir of magic. (+10% MP)
You shall have no god before yourself.
Your divine heritage dramatically boosts your attributes as you level up.


Message History

Confirm with . or Enter, or press ? or * to list all spells.
The spell is quite dangerous to miscast (24% risk of failure)!
Continue anyway?
You smell decay.
Press: ? - help, v - describe, . - travel The floor.
Found a murky purple potion.
Found a scroll labelled FODYHUYRHY.
f - a murky purple potion
h - a scroll labelled FODYHUYRHY
Found a club.
You see here a +0 club.
A ball python comes into view.
Aiming: Magic Dart (safe; 2% risk of failure)
Press: ? - help, Q - select action, (/) - cycle Shift-Dir - straight line, f - ball python
Aim: a ball python (asleep, 100% to hit)
The magic dart hits the ball python.
The ball python is moderately wounded.
The ball python hisses angrily.
Aiming: Magic Dart (safe; 2% risk of failure)
Press: ? - help, Q - select action, (/) - cycle Shift-Dir - straight line, f/p - ball python
Aim: a ball python (moderately wounded, 100% to hit)
The magic dart hits the ball python.
You kill the ball python!
An endoplasm comes into view.
Casting: Magic Dart (safe; 2% risk of failure)
Confirm with . or Enter, or press ? or * to list all spells.
The spell is quite dangerous to miscast (24% risk of failure)!
Continue anyway?
You smell decay.
Really walk into that cloud of foul pestilence?
Okay, then.
Really walk into that cloud of foul pestilence?
You are engulfed in dark miasma.
You are lethally poisoned!
You feel very sick.
You feel very sick.
* * * LOW HITPOINT WARNING * * *
You feel very sick.
* * * LOW HITPOINT WARNING * * *
You feel sick.
You die...

#.####.###.##......
#..........##.#####
######.##..##.# #.##..##.#
#.##..##.##### ##........#....
#............>.
*****###########.###..####.###
**,,,*#..J°...@...# #..###.....
**,,,,,#.#############...##..###
*,,,,,J÷,* #÷....#..###
*,,,...,,* #...........
*,,...,,** #.....#..###
**,..,,** ##...##..# # **.,,**
#.####..### ***,** #.# #....†
*,,,* #.# #.####


You could see an endoplasm.

Vanquished Creatures
  A dart slug (D:1)
  3 bats (D:1)
  4 endoplasms (D:1)
  2 giant cockroaches (D:1)
  2 goblins (D:1)
  A hobgoblin (D:1)
  4 kobolds (D:1)
  2 ball pythons (D:1)
  A rat (D:1)
20 creatures vanquished.

Notes
Turn   | Place    | Note
-------+----------+-------------------------------------------
     0 | D:1      | tizbic2 the Demigod Conjurer began the quest for the Orb.
     0 | D:1      | Reached XP level 1. HP: 14/14 MP: 5/5
   298 | D:1      | Reached XP level 2. HP: 20/20 MP: 1/7
   317 | D:1      | Reached skill level 4 in Conjurations
   815 | D:1      | Learned a level 2 spell: Corpse Rot
   894 | D:1      | Succumbed to their own dark miasma

Illustrated notes

Levels and vault maps discovered:
D:1:      grunt_arrival_lava_bath, layout_loops_ring,
          shapermc_ecumenical_altar_venn

Skill      XL: |  1  2 |
---------------+-------+-----
Spellcasting   | 2 |  2.1
Conjurations   | 4 |  4.2
Dodging        | |  1.8
Stealth        | |  1.8

Action                   || total
-------------------------++-------
Melee: Club              ||    22
 Cast: Magic Dart        ||    32
       Corpse Rot        ||     2
  Use: Scroll            ||     6
Armor: Robe              ||    10
Dodge: Dodged            ||    17
